 Dungeon Sprint DCSS version bcrawl-1.18 (webtiles) character file.

Game seed: 3984178056989108097

65 Freyura the Skirmisher (level 3, 0/37 HPs)
             Began as a Draconian Fire Elementalist on Nov 3, 2019.
             Was an Initiate of Makhleb.
             Killed from afar by a deep elf mage (31 damage)
             ... with a bolt of negative energy
             ... in the Dungeon (Sprint V: "Ziggurat Sprint").
             The game lasted 00:03:00 (102 turns).

Freyura the Skirmisher (Draconian Fire Elementalist) Turns: 102, Time: 00:03:01

Health: 0/37       AC:  5    Str: 10    XL:     3   Next: 92%
Magic:  6/7        EV: 13    Int: 16    God:    Makhleb [......]
Gold:   0          SH:  0    Dex: 23    Spells: 6/7 levels left

rFire    + + .     SeeInvis .   D - +7 great mace "Firestarter" {inner flame, rF++}
rCold    . . .     Gourm    .   (shield currently unavailable)
rNeg     . . .     Faith    .   (armour unavailable)
rPois    .         Spirit   .   (helmet restricted)
rElec    .         Reflect  .   (no cloak)
rCorr    .         Harm     .   (no gloves)
MR       .....     NoTele   +   (no boots)
Stlth    ++........             (no amulet)
HPRegen  0.12/turn              u - +6 ring of dexterity
MPRegen  0.10/turn              v - +6 ring of dexterity

@: slowed, drained, very slow
A: unfitting armour, cold-blooded, AC +5
a: Renounce Religion


You were in the Dungeon.
You worshipped Makhleb.
Makhleb was noncommittal.
You were not hungry.

You visited 1 branch

Inventory:

Hand Weapons
 D - the +7 great mace "Firestarter" (weapon) {inner flame, rF++}
   (You found it in the Dungeon)

   It has been specially enchanted to burn those struck by it, causing extra
   injury to most foes and up to half again as much damage against particularly
   susceptible opponents.
   It greatly protects you from fire.
 N - the +6 Majin-Bo {vamp, *Drain Str+12 Int+24}
   (You found it in the Dungeon)

   It inflicts no extra harm, but heals its wielder when it wounds a living foe.
   It affects your strength (+12).
   It affects your intelligence (+24).
   It causes draining when unequipped.
Missiles
 b - 40 stones (quivered)
Armour
 Q - the +18 shield of the Gong {rElec rN+ MR+ EV-5}
   (You found it in the Dungeon)

   It affects your evasion (-5).
   It insulates you from electricity.
   It protects you from negative energy.
   It affects your resistance to hostile enchantments.
Jewellery
 u - a +6 ring of dexterity (left hand)
 v - a +6 ring of dexterity (right hand)
 w - a +6 ring of intelligence
 x - a +6 ring of intelligence
 y - a +6 ring of strength
 z - a +6 ring of strength
Wands
 A - a wand of disintegration (7)
 B - a wand of iceblast (7)
 C - a wand of acid (7)
Scrolls
 i - 4 scrolls of blinking
 o - 4 scrolls of amnesia
 p - 7 scrolls of fog
 q - 5 scrolls of identify
 r - 5 scrolls of remove curse
 s - 2 scrolls of fear
Potions
 a - 2 potions of brilliance
 d - 10 potions of curing
 e - 10 potions of heal wounds
 f - 6 potions of haste
 g - 7 potions of magic
 h - 3 potions of berserk rage
 j - 2 potions of invisibility
 k - 4 potions of resistance
 m - 5 potions of agility
 n - 5 potions of might
Miscellaneous
 t - a lightning rod (4/4)
Comestibles
 c - 7 rations {!d}


   Skills:
 + Level 6.0(5.3) Fighting
 * Level 5.8(5.2) Maces & Flails
 + Level 2.5(1.9) Dodging
 - Level 2.0(1.4) Stealth
 + Level 2.7(2.1) Spellcasting
 - Level 1.0(0.4) Conjurations
 + Level 3.6(3.0) Fire Magic
 + Level 2.0(1.4) Invocations


You had 6 spell levels left.
You knew the following spells:

 Your Spells              Type           Power        Failure   Level  Hunger
a - Flame Tongue          Conj/Fire      #....        10%         1    #......

Your spell library contained the following spells:

 Spells                   Type           Power        Failure   Level  Hunger
 Flaming Arrows           Chrm/Fire      #.......     17%         2    ###....
 Conjure Flame            Conj/Fire      #.......     30%         3    ###....
 Inner Flame              Hex/Fire       N/A          32%         3    ###....
 Sticky Flame             Conj/Fire      #.......     69%         4    #####..
 Fireball                 Conj/Fire      #.........   95%         5    ######.


Dungeon Overview and Level Annotations

Branches:
Dungeon (1/1)

Altars:
Ashenzari
Cheibriados
Dithmenos
Elyvilon
Fedhas
Gozag
Hepliaklqana
Kikubaaqudgha
Lugonu
Makhleb
Nemelex Xobeh
Okawaru
Qazlal
Ru
Sif Muna
Trog
Uskayaw
Vehumet
Wu Jian
Xom
Yredelemnul
Zin
The Shining One
Beogh
Jiyva


Innate Abilities, Weirdness & Mutations

Your plain brown scales are hard. (AC +5)
You cannot fit into any form of body armour.
You are cold-blooded and may be slowed by cold attacks.


Message History

You kill the orc wizard!
Makhleb accepts your kill.
Your Fighting skill increases to level 6!
Your Invocations skill increases to level 2!
No target in view!
Put on which piece of jewellery? (? for menu, Esc to quit)
You feel agile.
u - a +6 ring of dexterity (left hand) Put on which piece of jewellery? (? for menu, Esc to quit)
You feel agile.
v - a +6 ring of dexterity (right hand)
There is a transporter here.
Welcome to arena 2.
You enter the transporter and appear at another place. 3 deep elf magi come into view.
The deep elf mage mumbles some strange words.
The deep elf mage points at you and mumbles some strange words.
The bolt of negative energy hits you!
You feel drained.
Ouch! That really hurt!
You die...

▓▓▓▓▓▓▓▓▓▓▓▓▓
▓.8©8.▓.8©8.▓
▓.eee.▓.....▓
▓.....▓.).).▓
▓...4.▓.....▓
▓.....▓.....▓
▓.....▓..©..▓
▓..@..▓▓▓▓▓▓▓
▓▓▓▓▓▓▓


You could see an orange demon and 3 deep elf magi.

Vanquished Creatures
  An orc priest (D)
  An orc wizard (D)
2 creatures vanquished.

Notes
Turn   | Place    | Note
-------+----------+-------------------------------------------
     0 | D        | Freyura the Draconian Fire Elementalist began the quest for
                  | the Orb.
     0 | D        | Reached XP level 1. HP: 14/14 MP: 3/3
     0 | D        | Found a shimmering blue altar of Sif Muna.
     0 | D        | Found a bloodstained altar of Trog.
     0 | D        | Found a sacrificial altar of Ru.
     0 | D        | Found a stormy altar of Qazlal.
     0 | D        | Found an iron altar of Okawaru.
     1 | D        | Found a sparkling altar of Nemelex Xobeh.
     1 | D        | Found a blossoming altar of Fedhas.
     2 | D        | Found the +6 Majin-Bo {vamp, *Drain Str+12 Int+24}
     2 | D        | Found the +7 great mace "Firestarter" {inner flame, rF++}
     3 | D        | Found a transporter.
     3 | D        | Found an ancient bone altar of Kikubaaqudgha.
     3 | D        | Found a viscous altar of Jiyva.
     3 | D        | Found a corrupted altar of Lugonu.
     3 | D        | Found a hazy altar of Hepliaklqana.
     3 | D        | Found a burning altar of Makhleb.
     3 | D        | Found an opulent altar of Gozag.
    27 | D        | Found the +6 shillelagh "Devastator" {shatter}
    27 | D        | Found the +11 plutonium sword {*Contam Stlth-}
    27 | D        | Found the +8 lance "Wyrmbane" {slay drac, rPois rF+ rC+
                  | AC+3}
    27 | D        | Found the +9 sword of Zonguldrok {reap}
    27 | D        | Found the cursed +13 scythe of Curses {drain, *Curse}
    27 | D        | Found the +0 sword of Power
    27 | D        | Found the +7 mace of Variability {chain chaos}
    27 | D        | Found the +7 Singing Sword {slice, sonic wave}
    27 | D        | Found the +7 longbow "Piercer" {penet, EV-2}
    29 | D        | Found the +9 heavy crossbow "Sniper" {velocity, Acc+∞ SInv}
    29 | D        | Found the +10 dark maul {crush}
    29 | D        | Found the +15 Maxwell's patent armour {-Cast -Tele rElec
                  | MR+ rCorr}
    29 | D        | Found the +18 shield of the Gong {rElec rN+ MR+ EV-5}
    29 | D        | Found the cursed +14 obsidian axe {chop, +Fly SInv *Curse}
    66 | D        | Reached skill level 5 in Fighting
    66 | D        | Reached skill level 5 in Maces & Flails
    66 | D        | Reached XP level 2. HP: 29/29 MP: 5/5
    76 | D        | Became a worshipper of Makhleb the Destroyer
    87 | D        | Entered arena 2.
    87 | D        | Found a transporter.
    90 | D        | Reached skill level 1 in Invocations
    90 | D        | Reached XP level 3. HP: 31/37 MP: 6/6
    96 | D        | Reached skill level 6 in Fighting
   102 | D        | Entered arena 3.
   102 | D        | Noticed a deep elf mage
   102 | D        | Noticed a deep elf mage
   102 | D        | Noticed a deep elf mage
   102 | D        | Found a transporter.
   102 | D        | Killed from afar by a deep elf mage

Skill      XL: |  1  2  3 |
---------------+----------+-----
Fighting       | 5 6 |  6.0
Maces & Flails | 5 |  5.8
Dodging        | 2 |  2.5
Invocations    | 1 2 |  2.0
Stealth        | |  2.0
Spellcasting   | |  2.7
Conjurations   | |  1.0
Fire Magic     | |  3.6

Action                   || total
-------------------------++-------
Melee: Great mace        ||     7
       Tailslap          ||     1
  Use: Potion            ||     1
Armor: Skin              ||     2
Dodge: Dodged            ||     4
